 Dungeon Crawl Stone Soup version 0.20.0-8-g6b59dc7 (webtiles) character file.

743 Inarius the Stinger (level 7, -3/52 HPs)
             Began as a Red Draconian Venom Mage on May 30, 2017.
             Was a Follower of Vehumet.
             Slain by a crimson imp
             ... wielding a +3 dagger of chaos
              (15 damage)
             ... on level 5 of the Dungeon.
             The game lasted 00:26:18 (6736 turns).

Inarius the Stinger (Red Draconian Venom Mage)      Turns: 6736, Time: 00:26:18

Health: -3/52      AC:  6    Str: 10    XL:     7   Next: 47%
Magic:  10/13      EV: 13    Int: 17    God:    Vehumet [*.....]
Gold:   212        SH:  0    Dex: 12    Spells: 3/14 levels left

rFire    + . .     SeeInvis .   x - -1 war axe (curse)
rCold    . . .     Gourm    .   (no shield)
rNeg     . . .     Faith    .   (armour unavailable)
rPois    .         Spirit   .   (helmet restricted)
rElec    .         Reflect  .   q - scarf {repulsion}
rCorr    .         Harm     .   (no gloves)
MR       .....                  (no boots)
Stlth    ++........             (no amulet)
Regen    0.2/turn               (no ring)
MPRegen  0.2/turn               (no ring)

@: lethally poisoned (-3 -> -5), very slightly contaminated, drained, repel
missiles
A: breathe fire, unfitting armour, fire resistance 1, cold-blooded, AC +6
a: Breathe Fire, Renounce Religion


You were on level 5 of the Dungeon.
You worshipped Vehumet.
Vehumet was aware of your devotion.
You were very hungry.

You visited 1 branch of the dungeon, and saw 5 of its levels.

You collected 212 gold pieces.

Inventory:

Hand Weapons
 c - a +0 whip
 x - a cursed -1 war axe (weapon)
Missiles
 d - 21 stones (quivered)
Armour
 m - a +0 buckler
 q - a scarf of repulsion (worn)
Jewellery
 l - an uncursed ring of flight {unknown}
 w - an uncursed ring of protection from fire {unknown}
Wands
 r - a wand of polymorph (12/24)
Scrolls
 e - a scroll of teleportation
 f - 2 scrolls of enchant weapon {unknown}
 g - 2 scrolls of fear {unknown}
 i - a scroll of amnesia
 j - a scroll of enchant armour {unknown}
 k - 2 scrolls of blinking {unknown}
 n - a scroll of magic mapping {unknown}
 o - a scroll of noise {unknown}
 t - a scroll of immolation {unknown}
 u - a scroll of recharging {unknown}
Potions
 h - a potion of curing
 s - a potion of brilliance {unknown}
Books
 a - a Young Poisoner's Handbook

   Spells                             Type                      Level
   a - Sting                          Conjuration/Poison           1
   b - Poisonous Vapours              Poison/Air                   2
   c - Mephitic Cloud                 Conjuration/Poison/Air       3
   d - Olgreb's Toxic Radiance        Poison                       4
   e - Venom Bolt                     Conjuration/Poison           5
 v - a book of Frost

   Spells                             Type                      Level
   a - Freeze                         Ice                          1
   b - Throw Frost                    Conjuration/Ice              2
   c - Ozocubu's Armour               Charms/Ice                   3
   d - Throw Icicle                   Conjuration/Ice              4
   e - Summon Ice Beast               Ice/Summoning                4
Comestibles
 b - 3 bread rations
 p - 3 meat rations


   Skills:
 + Level 1.2(1.0) Fighting
 * Level 3.5(3.3) Dodging
 - Level 1.7(1.5) Stealth
 + Level 4.0(3.7) Spellcasting
 * Level 4.0(3.8) Conjurations
 * Level 0.1(0.0) Ice Magic
 + Level 2.0(1.8) Air Magic
 + Level 4.9(4.7) Poison Magic
 * Level 0.8(0.5) Evocations


You had 3 spell levels left.
You knew the following spells:

 Your Spells              Type           Power        Failure   Level  Hunger
a - Sting                 Conj/Pois      ###.         2%          1    None
b - Poisonous Vapours     Pois/Air       ##....       6%          2    ##.....
c - Olgreb's Toxic Radia  Pois           ###.....     22%         4    ####...
d - Throw Icicle          Conj/Ice       #.......     58%         4    ####...


Dungeon Overview and Level Annotations

Branches:
Dungeon (5/15)             Temple (0/1) D:4

Altars:
Dithmenos
Okawaru
Sif Muna
Vehumet
Xom

Annotations:
D:3 Mlkhall's ghost, amateur OpEE


Innate Abilities, Weirdness & Mutations

You can breathe blasts of fire.
Your fiery red scales are hard. (AC +6)
You cannot fit into any form of body armour.
Your flesh is heat resistant. (rF+)
You are cold-blooded and may be slowed by cold attacks.


Message History

The crimson imp draws strength from your wounds!
You closely miss the crimson imp.
The crimson imp is moderately wounded.
You feel sick. The crimson imp barely misses you.
You barely miss the crimson imp.
The crimson imp is moderately wounded.
You are feeling very hungry.
You feel sick.
The crimson imp hits you with a dagger of chaos.
The crimson imp grins evilly.
The crimson imp hits you with a dagger of chaos.
The crimson imp draws strength from your wounds!
You feel sick.
The crimson imp shouts, "Give up, thou tottering fly-bitten pimple!"
There is a stone staircase leading up here.
You feel sick.
The crimson imp hits you with a dagger of chaos.
* * * LOW HITPOINT WARNING * * *
You are electrocuted!
You die...

#.# ####5# .# #....#
#.# # #....# #.#.#
#...## ###....####.##
#...#.#.....##
#.#..###.#.#.## #.#.#
##.###@#####$#
####..## ##.###5....#
...>.#.##
##.###.##..##
#######.###.#.#.....##
##.#.###.......# ##.##
######...# ### ###.#
##


You could see a crimson imp.

Vanquished Creatures
  Sigmund (D:2)
  A centaur (D:4)
  A scorpion (D:4)
  A crimson imp (D:4)
  2 centaur skeletons (D:4)
  4 orc wizards
  An iguana (D:4)
  8 adders
  A shadow imp (D:4)
  2 oozes (D:1)
  3 adder skeletons
  An adder zombie (D:4)
  5 worms
  3 dart slugs
  5 leopard geckos
  8 orcs
  7 bats
  4 giant cockroaches
  9 hobgoblins
  7 jackals (D:2)
  4 quokkas
  A ball python (D:1)
  5 frilled lizards
  7 goblins
  8 kobolds
  A quokka skeleton (D:4)
  6 rats
106 creatures vanquished.

Notes
Turn   | Place    | Note
-------+----------+-------------------------------------------
     0 | D:1      | Inarius the Draconian Venom Mage began the quest for the Orb.
     0 | D:1      | Reached XP level 1. HP: 14/14 MP: 3/3
   120 | D:1      | Reached XP level 2. HP: 8/20 MP: 0/5
   556 | D:1      | Learned a level 2 spell: Poisonous Vapours
   808 | D:1      | Reached XP level 3. HP: 19/26 MP: 1/6
  1682 | D:2      | Noticed Sigmund
  1711 | D:2      | Killed Sigmund
  1711 | D:2      | Reached XP level 4. HP: 21/33 MP: 0/8
  1711 | D:2      | Reached XP level 5. HP: 24/38 MP: 0/9
  2266 | D:2      | Found a radiant altar of Vehumet.
  2273 | D:2      | Became a worshipper of Vehumet
  2613 | D:2      | Found a deep blue altar of Sif Muna.
  2713 | D:2      | Learned a level 4 spell: Olgreb's Toxic Radiance
  2869 | D:3      | Noticed Mlkhall's ghost (amateur OpEE)
  2988 | D:3      | Reached skill level 1 in Air Magic
  3005 | D:3      | Reached XP level 6. HP: 45/45 MP: 3/10
  3260 | D:3      | Found an iron altar of Okawaru.
  3497 | D:3      | Found a shadowy altar of Dithmenos.
  4340 | D:4      | Reached * piety under Vehumet
  4340 | D:4      | Offered knowledge of Sandblast by Vehumet.
  5058 | D:4      | Found a staircase to the Ecumenical Temple.
  5312 | D:4      | Your scales start taking on a fiery red colour.
  5312 | D:4      | Reached XP level 7. HP: 50/50 MP: 9/12
  5312 | D:4      | Gained mutation: Your flesh is heat resistant. (rF+) [Red Draconian growth]
  5529 | D:4      | Learned a level 4 spell: Throw Icicle
  5867 | D:5      | Entered Level 5 of the Dungeon
  6078 | D:5      | Found a shimmering altar of Xom.
  6390 | D:4      | Reached skill level 1 in Fighting
  6736 | D:5      | Slain by a crimson imp

Skill      XL: |  1  2  3  4  5  6  7 |
---------------+----------------------+-----
Dodging        | 2 3 |  3.5
Conjurations   | 3 4 |  4.0
Poison Magic   | 4 |  4.9
Air Magic      | 1 2 |  2.0
Spellcasting   | 3 4 |  4.0
Fighting       | 1 |  1.2
Stealth        | |  1.7
Ice Magic      | |  0.1
Evocations     | |  0.8

Action                   |  1- 3 |  4- 6 |  7- 9 || total
-------------------------+-------+-------+-------++-------
Melee: Whip              |    68 |    65 |   126 ||   259
       Tailslap          |     3 |     6 |    16 ||    25
       War axe           |       |       |    42 ||    42
       Unarmed           |       |       |     2 ||     2
 Cast: Sting             |    62 |    42 |     1 ||   105
       Poisonous Vapours |     4 |    43 |     2 ||    49
       Olgreb's Toxic Ra |       |     2 |     2 ||     4
       Throw Icicle      |       |       |     8 ||     8
Evoke: Wand              |       |       |     1 ||     1
  Use: Scroll            |       |     5 |     1 ||     6
  Eat: Chunk             |     4 |    12 |     3 ||    19
       Fruit             |       |     2 |       ||     2
       Bread ration      |       |       |     1 ||     1
Armor: Skin              |    27 |    20 |    70 ||   117
Dodge: Dodged            |    56 |    31 |   104 ||   191
